 Dungeon Crawl Stone Soup version 0.21.1-1-g345015f (webtiles) character file.

85 Dfrag the Firebug (level 4, -1/36 HPs)
             Began as a Naga Fire Elementalist on Feb 11, 2018.
             Slain by Lucherd's ghost (6 damage)
             ... on level 3 of the Dungeon.
             The game lasted 00:02:37 (1721 turns).

Dfrag the Firebug (Naga Fire Elementalist)          Turns: 1721, Time: 00:02:38

Health: -1/36      AC:  2    Str: 11    XL:     4   Next: 48%
Magic:  8/8        EV: 10    Int: 16    God:
Gold:   102        SH:  0    Dex: 11    Spells: 7/8 levels left

rFire    . . .     SeeInvis +   (no weapon)
rCold    . . .     Gourm    .   (no shield)
rNeg     . . .     Faith    .   a - +0 robe
rPois    +         Spirit   .   (no helmet)
rElec    .         Reflect  .   (no cloak)
rCorr    .         Harm     .   (no gloves)
MR       .....                  (no barding)
Stlth    ++........             (no amulet)
HPRegen  0.12/turn              (no ring)
MPRegen  0.11/turn              (no ring)

@: very slow
A: large, see invisible, deformed body, poison resistance, slowness 2, slow
metabolism 1, spit poison 1, AC +1
a: Spit Poison


You were on level 3 of the Dungeon.
You were not hungry.

You visited 1 branch of the dungeon, and saw 3 of its levels.

You collected 102 gold pieces.

Inventory:

Armour
 a - a +0 robe (worn)
Wands
 l - a wand of random effects (10)
Scrolls
 e - a scroll of remove curse {unknown}
 f - a scroll of magic mapping {unknown}
 g - a scroll of identify {unknown}
 h - a scroll of fog {unknown}
 m - a scroll of enchant weapon {unknown}
 n - a scroll of teleportation {unknown}
Potions
 i - 2 potions of might {unknown}
 j - a potion of lignification {unknown}
Books
 b - a book of Flames

   Spells                             Type                      Level
   a - Flame Tongue                   Conjuration/Fire             1
   b - Throw Flame                    Conjuration/Fire             2
   c - Conjure Flame                  Conjuration/Fire             3
   d - Inner Flame                    Hexes/Fire                   3
   e - Sticky Flame                   Conjuration/Fire             4
   f - Fireball                       Conjuration/Fire             5
Comestibles
 c - 6 rations
 k - 3 chunks of flesh


   Skills:
 - Level 1.5 Dodging
 - Level 3.0 Stealth
 + Level 2.9 Spellcasting
 + Level 2.4 Conjurations
 + Level 3.8 Fire Magic


You had 7 spell levels left.
You knew the following spells:

 Your Spells              Type           Power        Failure   Level  Hunger
a - Flame Tongue          Conj/Fire      ##...        5%          1    #......


Dungeon Overview and Level Annotations

Branches:
Dungeon (3/15)

Altars:

Annotations:
D:3 Lucherd's ghost, amateur HOAK


Innate Abilities, Weirdness & Mutations

You cannot wear boots.
Your serpentine skin is tough. (AC +1)
You have supernaturally acute eyesight. (SInv)
Armour fits poorly on your strangely shaped body.
Your system is resistant to poisons. (rPois)
You cover ground very slowly.
You have a slow metabolism.
You can spit poison.


Message History

You are no longer poisoned.
Lucherd's ghost says regretfully, "I wish I had corrupted all of this!"
Lucherd's ghost hits you. Lucherd's ghost barely misses you. x2
Evoke which item? (* to show all) (? for menu, Esc to quit)
Aiming: Random Effects
Press: ? - help, Shift-Dir - straight line, f/p - Lucherd's ghost
Aim: Lucherd's ghost (lightly damaged, fast, slightly transparent) Lucherd's ghost is unaffected.
Lucherd's ghost hits you!
Your magical contamination has completely faded away.
Unknown command.
Evoke which item? (* to show all) (? for menu, Esc to quit)
Aiming: Random Effects
Press: ? - help, Shift-Dir - straight line, f/p - Lucherd's ghost
Aim: Lucherd's ghost (lightly damaged, fast, slightly transparent)
The mass of ice explodes!
The iceblast engulfs Lucherd's ghost.
Lucherd's ghost is moderately damaged.
The iceblast engulfs you!
* * * LOW HITPOINT WARNING * * *
Lucherd's ghost hits you.
You die...

## #.# #.# ..#
#.# #.# #.# #.#
#.# #.# #.# #.#
#.# #.# #.#
#.###.# #.#
#...[.# #.#
#######W.######
#.##
#......@.[....#
..#
#.#####..####.#
#.# #..# #.#
#..## ####.####
...... #........
###.###.
#........
....(..##........
.............#.#.
###..##W$#.#.#.


You could see Lucherd's ghost (invisible).

Vanquished Creatures
  5 adders
  2 worms
  A dart slug (D:1)
  2 leopard geckos (D:2)
  2 orcs (D:3)
  4 bats
  2 giant cockroaches (D:2)
  5 goblins
  A quokka (D:2)
  3 frilled lizards (D:2)
  A kobold (D:1)
  5 rats
33 creatures vanquished.

Notes
Turn   | Place    | Note
-------+----------+-------------------------------------------
     0 | D:1      | Dfrag the Naga Fire Elementalist began the quest for the Orb.
     0 | D:1      | Reached XP level 1. HP: 15/15 MP: 3/3
   384 | D:1      | Reached XP level 2. HP: 16/22 MP: 5/5
   913 | D:2      | Reached XP level 3. HP: 28/28 MP: 2/6
  1189 | D:2      | Reached XP level 4. HP: 36/36 MP: 8/8
  1497 | D:3      | Noticed Lucherd's ghost (amateur HOAK)
  1721 | D:3      | Slain by Lucherd's ghost

Skill      XL: |  1  2  3 |
---------------+----------+-----
Conjurations   | 2 |  2.4
Dodging        | |  1.5
Stealth        | |  3.0
Spellcasting   | |  2.9
Fire Magic     | |  3.8

Action                   |  1- 3 |  4- 6 || total
-------------------------+-------+-------++-------
Melee: Unarmed           |     1 |       ||     1
 Cast: Flame Tongue      |    33 |    16 ||    49
 Abil: Spit Poison       |    12 |     2 ||    14
Evoke: Wand              |       |     7 ||     7
  Use: Potion            |       |     1 ||     1
  Eat: Chunk             |     1 |     2 ||     3
Armor: Robe              |     5 |     6 ||    11
Dodge: Dodged            |    17 |    10 ||    27
